 Dungeon Crawl Stone Soup version 0.27.1-1-g398f81649c (webtiles) character file.

Game seed: 12913951113138781728

504 Mesmaeker13 the Caller (level 7, -3/46 HPs)
             Began as a Barachi Summoner on Sept 7, 2021.
             Slain by an orc (4 damage)
             ... on level 5 of the Dungeon.
             The game lasted 00:06:46 (6558 turns).

Mesmaeker13 the Caller (Barachi Summoner)           Turns: 6558, Time: 00:06:47

Health: -3/46      AC:  4    Str: 12    XL:     7   Next: 17%
Magic:  13/13      EV: 13    Int: 17    God:
Gold:   122        SH:  0    Dex: 12    Spells: 4/14 levels left

rFire    . . .     SeeInvis .   f - +0 hand axe
rCold    + . .     Faith    .   (no shield)
rNeg     + . .     Spirit   .   c - +0 leather armour {rN+}
rPois    +         Reflect  .   (no helmet)
rElec    .         Harm     .   w - +0 cloak of the Moneychanger {Str+2}
rCorr    .         Rampage  .   (no gloves)
Will     .....                  (no boots)
Stlth    +.........             (no amulet)
HPRegen  0.15/turn              b - ring of protection from cold
MPRegen  0.13/turn              a - ring of poison resistance

@: confused, slow
A: amphibious, slowness 1, strong legs 1, +LOS
a: Hop


You were on level 5 of the Dungeon.
You visited 1 branch of the dungeon, and saw 5 of its levels.

You collected 122 gold pieces.

Inventory:

Hand Weapons
 d - a +0 dagger
 f - a +0 hand axe (weapon)
Armour
 c - a +0 leather armour of positive energy (worn)
 w - the +0 cloak of the Moneychanger (worn) {Str+2}
   (You found it on level 4 of the Dungeon)

   Str:       It affects your strength (+2).
Jewellery
 a - a ring of poison resistance (right hand)
 b - a ring of protection from cold (left hand)
 o - a ring of fire
 s - a +6 ring of strength
Wands
 j - a wand of iceblast (10)
 k - a wand of flame (23)
Scrolls
 g - a scroll of brand weapon
 i - a scroll of teleportation
 l - a scroll of fog
 m - 2 scrolls of noise
 p - 2 scrolls of blinking
 t - 2 scrolls of immolation {unknown}
 v - a scroll of fear {unknown}
Potions
 e - a potion of ambrosia
 h - a potion of mutation {unknown}
 n - 2 potions of haste {unknown}
 q - a potion of flight {unknown}
 u - 2 potions of brilliance {unknown}


   Skills:
 + Level 4.7 Dodging
 - Level 1.7 Stealth
 + Level 4.4 Spellcasting
 + Level 6.8 Summonings
 + Level 2.4 Air Magic


You had 4 spell levels left.
You knew the following spells:

 Your Spells              Type           Power      Damage    Failure   Level
a - Summon Small Mammal   Summ           100%       N/A       1%          1
b - Call Imp              Summ           27%        N/A       1%          2
c - Call Canine Familiar  Summ           27%        N/A       3%          3
d - Summon Lightning Spi  Summ/Air       19%        N/A       28%         4

Your spell library contained the following spells:

 Spells                   Type           Power      Damage    Failure   Level
 Summon Guardian Golem    Hex/Summ       15%        N/A       14%         3
 Beastly Appendage        Tmut           6%         N/A       19%         1
 Slow                     Hex            3%         N/A       28%         2
 Confusing Touch          Hex            3%         N/A       50%         3
 Vampiric Draining        Necr           1%         2d6       50%         3


Dungeon Overview and Level Annotations

Branches:
Dungeon (5/15)
 Temple: D:4-7

Altars:
Elyvilon
Qazlal
Vehumet

Shops:
D:3 [   D:4 [


Innate Abilities, Weirdness & Mutations

You are amphibious.
You cover ground slowly.
You can hop short distances.
You have an extended range of vision and can be seen from far away.


Message History

You feel a bit more experienced.
You feel less invigorated.
Unknown command.
You hear some strange, mumbled words.
Deactivating autopickup; reactivate with Ctrl-A.
You are more confused.
Unknown command.
Unknown command.
Something hits you.
Your crimson imp blinks!
You closely miss the orc.
The orc is heavily wounded.
You completely miss something. Something hits you but does no damage.
The orc closely misses you. Something hits you. The orc closely misses you.
You bump into the rock wall.
Something hits you. The orc hits you with a +0 hand axe.
The orc completely misses you. Something hits you.
You closely miss something. You hit the orc.
Something hits you but does no damage. The orc barely misses you.
The orc hits you with a +0 hand axe.
You hear some strange, mumbled words.
A magic dart appears from out of thin air!
The magic dart hits you but does no damage.
You completely miss something. You closely miss the orc. Something hits you.
The orc hits you with a +0 hand axe.
You bump into the rock wall.
Something hits you but does no damage. The orc hits you with a +0 hand axe.
* * * LOW HITPOINT WARNING * * *
Something hits you.
* * * LOW HITPOINT WARNING * * *
Unknown command.
Okay, then.
You bump into the rock wall.
An orc wizard appears from thin air!
Reactivating autopickup.
The orc wizard points at you and mumbles some strange words.
The magic dart hits you.
* * * LOW HITPOINT WARNING * * *
The orc hits you with a +0 hand axe.
You die...

#.# #####.########
#............#
#.##...#####.#
#.##...# #.##...#
#.##..5#
########.##..o#####
.............o@...#
#########.####)###.#
.....(...)..)..# #.#
#########.####.# #.#
.).......# #.# #.#
########## #.# #<#
### ###


You could see an orc wizard, an orc (ally target) and a friendly crimson imp
(summoned).

Vanquished Creatures
  A hound (D:4)
  An orc priest (D:3)
  An iguana (D:4)
  Terence (D:2)
  A mummy (D:4)
  2 adders
  2 dart slugs
  2 orcs (D:5)
  5 ball pythons
  2 endoplasms
  3 hobgoblins
  2 quokkas (D:2)
  2 bats (D:1)
  A frilled lizard (D:1)
  3 goblins
  2 kobolds
  2 kobold zombies (D:4)
  A rat (D:2)
34 creatures vanquished.

Vanquished Creatures (collateral kills)
  Grinder (D:4)
  2 necrophages (D:4)
  A centaur (D:5)
  A hound (D:4)
  An orc wizard (D:5)
  5 adders
  An ufetubus (D:4)
  A worm (D:2)
  2 dart slugs
  5 orcs
  3 ball pythons
  An endoplasm (D:4)
  3 goblins
  2 hobgoblins
  2 jackals (D:4)
  2 frilled lizards (D:1)
  2 kobolds
  2 kobold zombies (D:4)
37 creatures vanquished.

Vanquished Creatures (others)
  An orc wizard (D:5)
  3 fungi (D:1)
  2 plants (D:1)
6 creatures vanquished.

Grand Total: 77 creatures vanquished

Notes
Turn   | Place    | Note
-------+----------+-------------------------------------------
     0 | D:1      | Mesmaeker13 the Barachi Summoner began the quest for the
                  | Orb.
     0 | D:1      | Reached XP level 1. HP: 13/13 MP: 3/3
   395 | D:1      | You fall into a shaft and drop 1 floor!
   406 | D:1      | Found a faded altar of an unknown god.
   414 | D:1      | Got Plato's Tome of Transformation
   691 | D:1      | Reached skill level 5 in Summonings
   691 | D:1      | Reached XP level 2. HP: 4/19 MP: 1/5
  1742 | D:2      | Learned a level 2 spell: Call Imp
  1754 | D:2      | Noticed Terence
  1983 | D:2      | Reached XP level 3. HP: 10/24 MP: 5/7
  2510 | D:2      | Killed Terence
  2682 | D:2      | Reached XP level 4. HP: 22/30 MP: 8/8
  3652 | D:4      | Learned a level 3 spell: Call Canine Familiar
  3810 | D:4      | Noticed a necrophage
  3820 | D:4      | Killed a necrophage
  3821 | D:4      | Reached XP level 5. HP: 24/35 MP: 3/10
  4001 | D:4      | Found a radiant altar of Vehumet.
  4005 | D:4      | Found a stormy altar of Qazlal.
  4120 | D:3      | Reached skill level 6 in Summonings
  4371 | D:3      | Found Sulaj's Antique Armour Shop.
  4422 | D:3      | Found a white marble altar of Elyvilon.
  4850 | D:4      | Learned a level 4 spell: Summon Lightning Spire
  4953 | D:4      | Found Exoaqix's Armour Shoppe.
  5015 | D:4      | Identified the +0 cloak of the Moneychanger {Str+2}
  5034 | D:4      | Noticed a necrophage
  5062 | D:4      | Killed a necrophage
  5063 | D:4      | Reached skill level 1 in Air Magic
  5063 | D:4      | Reached XP level 6. HP: 3/40 MP: 3/11
  5683 | D:4      | Noticed Grinder
  5691 | D:4      | Killed Grinder
  6092 | D:5      | Entered Level 5 of the Dungeon
  6277 | D:5      | Reached XP level 7. HP: 11/46 MP: 8/13
  6558 | D:5      | HP: 1/46 [orc wizard/magic dart (6)]
  6558 | D:5      | Slain by an orc

Illustrated notes

Levels and vault maps discovered:
D:1:      dpeg_arrival_rooms_b, layout_loops_cross,
          shapermc_ecumenical_altar_rom_forum, serial_bayou_pond_a
D:2:      layout_loops_ring, uniq_terence
D:3:      layout_basic, mainiacjoe_overflow_brackets, serial_shops,
          nicolae_shop_stone
D:4:      layout_cave_pools, grunt_temple_overflow_open, serial_shops,
          kennysheep_mini_moat, supply_closet_lemuel, dk_noncrumbling_3,
          minmay_mini_ossuary, uniq_grinder
D:5:      layout_basic, old_standard_altar, nemelex_diamond_rough_becter,
          minmay_temple_entry_gardened_gates

Skill      XL: |  1  2  3  4  5  6 |
---------------+-------------------+-----
Summonings     | 5 6 |  6.8
Dodging        | 3 4 |  4.7
Spellcasting   | 3 4 |  4.4
Air Magic      | 1 2 |  2.4
Stealth        | |  1.7

Action                   |  1- 3 |  4- 6 |  7- 9 || total
-------------------------+-------+-------+-------++-------
Melee: Hand axe          |    65 |    92 |    11 ||   168
       Unarmed           |    14 |       |       ||    14
 Cast: Summon Small Mamm |    13 |     2 |       ||    15
       Call Imp          |    13 |    51 |     2 ||    66
       Call Canine Famil |       |     6 |     1 ||     7
 Abil: Hop               |       |     1 |       ||     1
  Use: Potion            |     1 |       |     1 ||     2
       Scroll            |       |     6 |       ||     6
 Stab: Sleeping          |     2 |       |       ||     2
       Distracted        |       |     2 |       ||     2
Armor: Leather armour    |    26 |    36 |     8 ||    70
Dodge: Dodged            |    83 |    89 |     7 ||   179
